 Dungeon Crawl Stone Soup version 0.28-a0-265-g048bc9fd10 (webtiles) character file.

Game seed: 8307141236635881484

16 SeanNever the Skirmisher (level 2, 0/26 HPs)
             Began as a Draconian Berserker on Aug 27, 2021.
             Was a Follower of Trog.
             Slain by a goblin (2 damage)
             ... on level 2 of the Dungeon.
             The game lasted 00:01:15 (255 turns).

SeanNever the Skirmisher (Draconian Berserker)       Turns: 255, Time: 00:01:16

Health: 0/26       AC:  4    Str: 19    XL:     2   Next: 37%
Magic:  2/2        EV: 12    Int:  7    God:    Trog [*.....]
Gold:   26         SH:  0    Dex: 10    Spells: 1/1 levels left

rFire   . . .      SeeInvis .   a - +0 mace
rCold   . . .      Faith    .   (no shield)
rNeg    . . .      Spirit   .   (armour unavailable)
rPois   .          Reflect  .   (helmet restricted)
rElec   .          Harm     .   (no cloak)
rCorr   .          Rampage  .   (no gloves)
Will    .....                   (no boots)
Stlth   +.........              (no amulet)
HPRegen 0.08/turn               (no ring)
MPRegen 0.08/turn               (no ring)

@: slowed, very slow
A: AC +4, unfitting armour, cold-blooded
a: Renounce Religion, Berserk


You were on level 2 of the Dungeon.
You worshipped Trog.
Trog was aware of your devotion.
You visited 1 branch of the dungeon, and saw 2 of its levels.

You collected 26 gold pieces.

Inventory:

Hand Weapons
 a - a +0 mace (weapon)
Jewellery
 c - a +4 ring of protection
Potions
 b - 2 potions of berserk rage {unknown}


   Skills:
 + Level 3.6 Fighting
 + Level 3.2 Maces & Flails
 + Level 3.0 Dodging


You had one spell level left.
You didn't know any spells.
Your spell library was empty.

Dungeon Overview and Level Annotations

Branches:
Dungeon (2/15)

Altars:


Innate Abilities, Weirdness & Mutations

Your plain brown scales are hard. (AC +4)
You cannot fit into any form of body armour.
You are cold-blooded and may be slowed by cold attacks.


Message History

The goblin shouts!
You open the door. The goblin closely misses you.
There is an open door here.
Found a brown potion.
The goblin barely misses you. The goblin hits you with a +0 club.
The goblin barely misses you. The goblin hits you but does no damage.
The goblin hits you with a +0 club. x2
The goblin hits you with a +0 club.
* * * LOW HITPOINT WARNING * * *
As you open the door, it creaks loudly! The goblin closely misses you. x2
There is an open door here.
The goblin hits you but does no damage.
A goblin comes into view. It is wielding a +0 dagger.
The goblin moves out of view.
Found a stone staircase leading down.
The goblin shouts!
Found 15 stones.
An endoplasm comes into view.
The endoplasm quivers.
The endoplasm jiggles.
The goblin hits you but does no damage. The goblin closely misses you.
The endoplasm freezes you.
You are frozen.
* * * LOW HITPOINT WARNING * * *
You feel yourself slow down. The endoplasm closely misses you.
The goblin hits you but does no damage.
You open the door.
An adder and a kobold come into view.
The adder hisses angrily.
The goblin hits you with a +0 club.
* * * LOW HITPOINT WARNING * * *
The endoplasm hits you.
* * * LOW HITPOINT WARNING * * *
The goblin barely misses you. The goblin hits you but does no damage.
The goblin hits you with a +0 club.
You die...

#.....############
#......
+...>.###........
#......
#................
........
#................
........
###.............#
....
#(.............
#.....gJg......
#.....g........
#######@######.
#........#
#........#
#...S....#
#........#
#..K.....#
#........#
#........#


You could see an adder, an endoplasm, 3 goblins and a kobold (wandering).

Vanquished Creatures
  A gnoll (D:1)
  An endoplasm (D:1)
  A goblin (D:1)
  2 hobgoblins (D:1)
  A bat (D:1)
6 creatures vanquished.

Notes
Turn   | Place    | Note
-------+----------+-------------------------------------------
     0 | D:1      | SeanNever the Draconian Berserker began the quest for the
                  | Orb.
     0 | D:1      | Reached XP level 1. HP: 19/19 MP: 1/1
    53 | D:1      | Reached XP level 2. HP: 7/26 MP: 2/2
   254 | D:2      | HP: 1/26 [endoplasm (1)]
   255 | D:2      | Slain by a goblin

Illustrated notes

Levels and vault maps discovered:
D:1:      psy_arrival_radial01, layout_basic, serial_curves, eino_curves_04,
          eino_curves_02, eino_curves_03, eino_curves_04
D:2:      minmay_kobold_bridge, layout_basic, basic_altar, uniq_jessica

Skill      XL: |  1  2 |
---------------+-------+-----
Dodging        | 3 |  3.0
Fighting       | |  3.6
Maces & Flails | |  3.2

Action                   || total
-------------------------++-------
Melee: Mace              ||    17
       Tailslap          ||     1
Armor: Skin              ||    12
Dodge: Dodged            ||    20

Table legend: (Time is in decaauts)
 A = Elapsed time spent in this place.
 B = Non-inter-level travel time spent in this place.
 C = Inter-level travel time spent in this place.
 D = Time resting spent in this place.
 E = Time spent auto-exploring this place.
 F = Levels seen in this place.
 G = Mean time per level.
                   A        B        C        D        E       F      G
               +--------+--------+--------+--------+--------+-----+--------+
         Total |    263 |    263 |      0 |      0 |      0 |   2 |  131.5 |
       Dungeon |    263 |    263 |      0 |      0 |      0 |   2 |  131.5 |
               +--------+--------+--------+--------+--------+-----+--------+

Top non-repeatable levels by time:
     D:1: 150 daAuts
     D:2: 112 daAuts
